 Dungeon Crawl Stone Soup version 0.20.0-8-g6b59dc7 (webtiles) character file.

1782365 Lochraine the Impregnable (level 27, 169/287 HPs)
             Began as a Hill Orc Monk on May 30, 2017.
             Was a Believer of Yredelemnul.
             Escaped with the Orb
             ... and 3 runes!
             The game lasted 04:39:49 (61554 turns).

Lochraine the Impregnable (Hill Orc Monk)          Turns: 61554, Time: 04:39:50

Health: 169/287    AC: 49    Str: 29    XL:     27
Magic:  39/39      EV: 14    Int: 11    God:    Yredelemnul [**....]
Gold:   6612       SH:  0    Dex: 18    Spells: 23/36 levels left

rFire    + + .     SeeInvis .   a - +7 battleaxe (elec)
rCold    + . .     Gourm    .   (shield currently unavailable)
rNeg     . . .     Faith    .   J - +2 gold dragon scales
rPois    +         Spirit   .   (no helmet)
rElec    .         Reflect  .   W - +2 cloak {MR+}
rCorr    .         Harm     .   z - +2 pair of gloves {Dex+3}
MR       +++..                  B - +2 pair of boots
Stlth    ..........             P - amulet of regeneration
Regen    1.0/turn               k - ring of protection from fire
MPRegen  0.3/turn               M - ring of Robustness {AC+8}

@: mighty, hasted, very quick
A: mutation resistance 1, robust 1
0: Orb of Zot
}: 3/15 runes: decaying, silver, gossamer
a: Animate Remains, Recall Undead Slaves, Injury Mirror, Renounce Religion


You escaped.
You worshipped Yredelemnul.
Yredelemnul was pleased with you.
You were not hungry.

You visited 10 branches of the dungeon, and saw 50 of its levels.
You also visited: Sewer.

You collected 8124 gold pieces.
You spent 1512 gold pieces at shops.

Inventory:

Hand Weapons
 a - a +7 battleaxe of electrocution (weapon)
   (You subdued it on level 2 of the Elven Halls)
 b - the +5 war axe "Zidovyug" {chop, rC+++ rN+ MR+ Stlth-}
   (You found it on level 3 of the Elven Halls)

   It inflicts extra damage upon your enemies.
   It renders you almost immune to cold.
   It protects you from negative energy.
   It affects your resistance to hostile enchantments.
   It makes you less stealthy.
Missiles
 O - 4 throwing nets (quivered) {!f}
Armour
 o - the +2 cloak of Qazlal {rElec Dex+4}
   (You found it on level 5 of the Vaults)

   It affects your dexterity (+4).
   It insulates you from electricity.
 z - a +2 pair of gloves of dexterity (worn)
   (You bought it in a shop on level 1 of the Depths)
 B - a +2 pair of boots (worn)
   (You found it on level 1 of the Spider Nest)
 J - +2 gold dragon scales (worn)
   (You found it on level 4 of the Depths)
 N - a +1 cloak
   (You took it off a draconian scorcher on level 4 of the Realm of Zot)
 W - a +2 cloak of magic resistance (worn)
   (You took it off Nikola on level 4 of the Swamp)
Jewellery
 k - a ring of protection from fire (left hand)
   (You bought it in a shop on level 3 of the Elven Halls)
 F - an uncursed ring of flight
   (You found it on level 5 of the Dungeon)
 K - an uncursed amulet of faith {!P}
   (You found it on level 7 of the Dungeon)
 M - the ring of Robustness (right hand) {AC+8}
   (You took it off a vault warden on level 5 of the Vaults)

   [ring of protection]

   It affects your AC (+8).
 P - an amulet of regeneration (around neck)
   (You took it off an ironbrand convoker on level 5 of the Vaults)
 S - the ring of Trepidation {rF+ rC- Str+5}
   (You took it off an ironheart preserver on level 5 of the Vaults)

   [ring of protection from fire]

   It affects your strength (+5).
   It protects you from fire.
   It makes you vulnerable to cold.
 X - an uncursed ring of resist corrosion
   (You found it on level 3 of the Vaults)
 Y - a +6 ring of protection
   (You took it off a vault warden on level 5 of the Vaults)
Wands
 d - a wand of iceblast (0/15)
   (You found it on level 2 of the Realm of Zot)
 f - a wand of lightning (11/15)
   (You found it on level 5 of the Realm of Zot)
 s - a wand of scattershot (1/9)
   (You found it on level 1 of the Realm of Zot)
 t - a wand of digging (11/24)
   (You found it on level 3 of the Realm of Zot)
 u - a wand of paralysis (3/24)
   (You found it on level 2 of the Depths)
 v - a wand of digging (1/24)
   (You found it on level 2 of the Swamp)
 x - a wand of acid (0/15)
   (You found it on level 5 of the Vaults)
 y - a wand of iceblast (0/15)
   (You found it on level 1 of the Realm of Zot)
 D - a wand of clouds (3/9)
   (You found it on level 3 of the Swamp)
Scrolls
 g - 27 scrolls of teleportation {@r4}
 p - 4 scrolls of fear
 w - a scroll of silence
 A - 23 scrolls of remove curse {@r2}
 H - 8 scrolls of blinking
 L - 3 scrolls of identify {@r1}
 Q - 2 scrolls of summoning
 T - a scroll of fog
 V - 3 scrolls of recharging
Potions
 c - 3 potions of cancellation
 e - 12 potions of flight
 h - 11 potions of lignification {!q}
 i - 6 potions of berserk rage
 j - 7 potions of curing {@q1}
 l - a potion of might
 n - 4 potions of magic
 r - 7 potions of heal wounds {@q2}
 C - 8 potions of mutation {!q}
 E - 3 potions of agility
 G - a potion of invisibility
 I - a potion of haste {@q3}
 Z - 2 potions of resistance
Miscellaneous
 R - 2 phantom mirrors
Comestibles
 m - 28 meat rations
 q - 28 bread rations


   Skills:
 + Level 24.1 Fighting
 - Level 20.8 Axes
 * Level 26.4 Armour
 - Level 11.0 Dodging
 - Level 6.6 Stealth
   Level 9.0 Shields
 - Level 5.3 Spellcasting
 - Level 7.3 Necromancy
 + Level 25.1 Invocations
 * Level 14.4 Evocations


You had 23 spell levels left.
You knew the following spells:

 Your Spells              Type           Power        Failure   Level  Hunger
a - Control Undead        Necr           ###.......   50%         4    ####...
b - Death Channel         Necr           ###.......   100%        6    #######
c - Apportation           Tloc           #.....       75%         1    None
s - Swiftness             Chrm/Air       #.......     87%         2    ##.....


Dungeon Overview and Level Annotations

Branches:
Dungeon (15/15)            Temple (1/1) D:7            Lair (6/6) D:11
  Swamp (4/4) Lair:4       Spider (4/4) Lair:2        Slime (0/5) Lair:6
    Orc (2/2) D:9             Elf (3/3) Orc:2        Vaults (5/5) D:14
  Crypt (0/3) Vaults:2     Depths (5/5) D:15            Zot (5/5) Depths:5

Altars:
Ashenzari
Cheibriados
Dithmenos
Elyvilon
Fedhas
Gozag
Hepliaklqana
Kikubaaqudgha
Makhleb
Nemelex Xobeh
Okawaru
Qazlal
Ru
Sif Muna
Trog
Uskayaw
Vehumet
Xom
Yredelemnul
Zin
The Shining One
Beogh
Jiyva

Shops:
D:4 [   D:9 %   D:14 (   Orc:2 %!:*   Elf:3 :*   Vaults:1 (   Vaults:3 =
Depths:1 [

Portals:
Hell: Depths:1 Depths:2 Depths:3 Depths:4 Depths:5
Abyss: Depths:3 Depths:4 Depths:5
Pandemonium: Depths:2 Depths:3
Ziggurat: Depths:2
Trove: Vaults:3 (show abyssal rune of Zot)

Annotations:
D:4 1 runed door
Lair:5 exclusion: oklob plant
Depths:1 2 transporters, exclusion: obsidian statue
Depths:2 1 runed door, exclusion: orange crystal statue
Zot:4 2 transporters


Innate Abilities, Weirdness & Mutations

You are somewhat resistant to further mutation.
You are robust. (+10% HP)


Message History

Unknown command.
There is a stone staircase leading up here.
You climb upwards.
There is a stone staircase leading down here.
(D) Dungeon (T) Temple (L) Lair (S) Swamp (N) Spider Nest (M) Slime Pits (O) Orcish Mines (E) Elven Halls (V) Vaults (C) Crypt (U) Depths (H) Hell (Z) Zot
Where to? (Enter - D:1 @ (x,y), ? - help)
You see here a club.
A Brimstone Fiend comes into view.
Unknown command.
Unknown command.
You feel yourself speed up.
You feel very mighty all of a sudden.
The Brimstone Fiend calls on the powers of darkness!
Your body is wracked with pain!
The Brimstone Fiend hits you but does no damage.
The Brimstone Fiend barely misses you. The Brimstone Fiend closely misses you.
You slash the Brimstone Fiend! You slice the Brimstone Fiend!!
The Brimstone Fiend hits you but does no damage. x3
Here: a Brimstone Fiend (moderately wounded)
The floor.
You cut the Brimstone Fiend into ribbons!!!
You slice the Brimstone Fiend!!
You kill the Brimstone Fiend!
Yredelemnul accepts your kill.
(D) Dungeon (T) Temple (L) Lair (S) Swamp (N) Spider Nest (M) Slime Pits (O) Orcish Mines (E) Elven Halls (V) Vaults (C) Crypt (U) Depths (H) Hell (Z) Zot
Where to? (Enter - D:1 @ (x,y), ? - help)
An orange demon comes into view.
The orange demon screeches!
The orange demon stings you but does no damage.
There is an open gate here.
You slice the orange demon!! The orange demon closely misses you.
The orange demon hits you but does no damage.
You cut the orange demon into ribbons!!!
You kill the orange demon!
Yredelemnul accepts your kill.
No target in view!
(D) Dungeon (T) Temple (L) Lair (S) Swamp (N) Spider Nest (M) Slime Pits (O) Orcish Mines (E) Elven Halls (V) Vaults (C) Crypt (U) Depths (H) Hell (Z) Zot
Where to? (Enter - D:1 @ (x,y), ? - help)
There is a staircase leading out of the dungeon here.
You have escaped!

...# ...# .### .# ♣# .#
≈# ## ≈# # ♣♣♣≈# #
♣♣♣♣♣♣≈≈≈# ## ♣@P..♣≈≈≈#
.# ♣♣...♣≈≈≈# .##
#♣♣.....≈≈≈# ..#
#.......≈≈≈# #.#
#P.....≈≈≈≈# #.####
#......≈≈≈≈# #....#
#P......≈≈≈#
##'''#########♣.♣....≈≈≈#
##...##.♣♣P.P♣......≈≈≈≈#


There were no monsters in sight!

Vanquished Creatures
  3 ancient liches (Zot:5)
  4 orbs of fire
  A juggernaut (Depths:5)
  2 curse toes
  4 caustic shrikes (Depths:5)
  5 Killer Klowns
  Jory (Depths:3)
  11 golden dragons
  A hellephant (Depths:3)
  3 electric golems
  A Brimstone Fiend (D:1)
  2 liches
  Arachne (Spider:2)
  10 tentacled monstrosities
  18 Orb Guardians
  13 quicksilver dragons
  2 titans (Vaults:5)
  A deep elf blademaster (Elf:3)
  11 death cobs
  Gastronok (D:9)
  2 sphinxes
  An Executioner (Zot:5)
  A thorn hunter (Swamp:1)
  4 tengu reavers
  15 storm dragons
  12 shadow dragons
  4 draconian monks
  6 draconian knights
  A revenant (Vaults:2)
  7 fire giants
  6 vault wardens
  9 frost giants
  An iron dragon (Depths:5)
  8 draconian shifters
  4 draconian scorchers
  4 emperor scorpions
  4 ghost moths
  A deep elf elementalist (Vaults:5)
  8 draconian annihilators
  A stone giant (shapeshifter) (Vaults:5)
  3 draconian stormcallers
  9 ironheart preservers
  A reaper (D:14)
  A ghoul (Zot:4)
  A vampire knight (Depths:2)
  A war gargoyle (Vaults:5)
  An entropy weaver (Vaults:4)
  12 very ugly things
  3 deep elf demonologists (Elf:3)
  7 stone giants
  12 green draconians
  4 spark wasps (Depths:4)
  8 purple draconians
  A deep elf annihilator (Vaults:5)
  10 white draconians
  10 dire elephants (Depths:3)
  5 black draconians
  7 red draconians
  8 yellow draconians
  6 ettins
  2 blizzard demons
  3 deep elf death magi
  3 fire dragons
  12 yaktaur captains
  A merfolk impaler (Depths:1)
  A deep elf high priest (Elf:3)
  3 rakshasas (Depths:2)
  3 ice dragons
  10 ogre magi
  19 vault guards
  10 hydras
  Erolcha (D:12)
  Harold (Lair:1)
  7 great orbs of eyes
  2 hell beasts
  2 spriggan air magi (Depths:3)
  3 centaur warriors
  36 two-headed ogres
  13 dancing weapons
  A death knight (Vaults:2)
  8 deep troll shamans
  A vampire mage (Depths:2)
  2 deep troll earth magi
  8 tengu warriors
  2 alligators (Swamp:2)
  A death yak (Depths:4)
  3 soul eaters
  A spriggan berserker (Depths:2)
  4 orc high priests
  3 spriggans
  Urug (Lair:5)
  A sun demon (Zot:5)
  2 large abominations (Zot:5)
  8 deep elf knights
  5 iron trolls
  3 hell knights (Depths:2)
  A quicksilver dragon simulacrum (Depths:5)
  A skeletal warrior (Depths:5)
  A flayed ghost (Vaults:3)
  An unseen horror (Vaults:1)
  A torturous demonspawn (Depths:3)
  A swamp dragon (Swamp:4)
  3 glowing orange brains
  3 deep elf archers
  A wizard (Vaults:1)
  A shambling mangrove (Swamp:4)
  A glowing orange brain (shapeshifter) (Vaults:5)
  21 deep trolls
  3 orc knights
  13 ironbrand convokers
  A lindwurm (Lair:6)
  3 necromancers
  17 ugly things
  A wolf spider (shapeshifter) (Depths:2)
  2 orb spiders (Spider:4)
  2 tengu skeletons
  A manticore (Lair:6)
  2 orc sorcerers (Orc:2)
  14 slime creatures
  11 wolf spiders
  8 cyclopes
  A fire giant zombie (Depths:4)
  20 deep elf magi
  Maurice (D:11)
  24 moths of wrath
  4 rust devils
  An ice statue (Depths:5)
  6 vault sentinels
  An elephant (Depths:3)
  An elephant (shapeshifter) (Vaults:5)
  A spiny frog (shapeshifter) (Vaults:2)
  7 spiny frogs
  A spriggan skeleton (Depths:4)
  An orange demon (D:1)
  2 human zombies (Vaults:2)
  A torpor snail (Spider:2)
  3 black mambas
  2 kobold demonologists (D:11)
  An efreet (Depths:5)
  6 freezing wraiths
  A rime drake (Lair:6)
  5 komodo dragons
  An ice devil (Depths:3)
  4 tengu conjurers
  26 yaktaurs
  5 demonic crawlers
  2 red devils
  A polar bear (shapeshifter) (Elf:2)
  4 polar bears
  9 hornets
  4 trolls
  A tyrant leech (Swamp:1)
  17 jumping spiders
  3 blink frogs
  A dream sheep (Lair:6)
  An ettin zombie (Vaults:4)
  A dream sheep (shapeshifter) (Vaults:5)
  3 hippogriffs
  11 tarantellas
  3 stone giant simulacra
  5 air elementals
  A redback (shapeshifter) (Depths:3)
  A ynoxinul (Zot:5)
  25 redbacks
  6 shadows
  3 wraiths
  A wyvern (D:15)
  6 water elementals
  39 yaks
  2 vampires
  A yak (shapeshifter) (D:12)
  4 fire elementals
  4 basilisks
  2 neqoxecs
  A hog (Spider:4)
  10 vampire mosquitoes
  2 chaos spawn
  2 hungry ghosts
  A steam dragon (Lair:6)
  5 wargs
  7 insubstantial wisps
  Edmund (D:4)
  2 swamp worms
  A water moccasin (shapeshifter) (Vaults:4)
  3 acid dragons
  20 water moccasins
  4 hell hounds
  12 orc warriors
  5 porcupines
  A slave (D:8)
  2 ettin simulacra (Depths:5)
  An eye of draining (D:12)
  6 phantoms
  5 ice beasts
  A black bear (D:12)
  An elf zombie (Vaults:4)
  A sky beast (D:6)
  18 ogres
  3 boggarts
  32 centaurs
  16 wolves
  4 crocodiles
  An orc skeleton (Vaults:2)
  3 big kobolds
  16 bullfrogs
  5 scorpions
  A wight (D:7)
  2 electric eels
  3 howler monkeys
  6 crimson imps
  2 bullfrog zombies
  8 hounds
  2 jellies
  A gnoll shaman (D:8)
  23 orc priests
  2 centaur skeletons
  3 bullfrog skeletons
  An iron imp (Depths:2)
  21 orc wizards
  Natasha (thrice) (D:2)
  4 iguanas
  2 hell rats (Lair:1)
  8 worker ants
  A killer bee zombie (D:7)
  A hound zombie (D:8)
  2 mummies (D:7)
  A worker ant zombie (D:9)
  Robin (D:2)
  6 gnolls
  A howler monkey skeleton (D:4)
  26 adders
  7 river rats (Lair:1)
  A hound simulacrum (D:8)
  A shadow imp (D:12)
  A white imp (D:8)
  A howler monkey simulacrum (D:8)
  2 ufetubi
  6 oozes
  2 adder skeletons
  3 worms
  3 dart slugs
  23 leopard geckos
  93 orcs
  9 ball pythons (Sewer)
  13 giant cockroaches
  8 hobgoblins
  A hobgoblin (shapeshifter) (Depths:2)
  13 jackals
  20 kobolds
  6 quokkas
  7 bats
  9 frilled lizards
  24 goblins
  A jackal zombie (D:5)
  A leopard gecko skeleton (D:6)
  A quokka zombie (D:7)
  9 rats
  4 fungi
  A plant (Lair:5)
1484 creatures vanquished.

Vanquished Creatures (collateral kills)
  An ancient lich (Zot:5)
  3 Killer Klowns (Zot:5)
  5 caustic shrikes (Depths:5)
  4 curse toes
  4 golden dragons
  Nikola (Swamp:4)
  A bone dragon (Depths:5)
  3 tentacled monstrosities
  An electric golem (Zot:5)
  8 Orb Guardians (Zot:5)
  Asterion (Elf:3)
  2 deep elf master archers (Elf:3)
  A deep elf blademaster (Elf:3)
  2 death cobs (Zot:5)
  4 titans
  3 sphinxes
  Kirke (Spider:4)
  2 draconian monks
  2 thorn hunters
  2 shadow dragons (Zot:2)
  3 tengu reavers
  Donald (Orc:2)
  6 storm dragons
  8 fire giants
  A draconian scorcher (Zot:1)
  5 ghost moths
  11 vault wardens
  3 deep elf sorcerers
  A draconian knight (Depths:5)
  5 frost giants
  5 emperor scorpions
  2 draconian shifters
  A balrug (Depths:5)
  3 draconian stormcallers (Depths:5)
  2 angels (Elf:1)
  A deep elf elementalist (Elf:3)
  A draconian annihilator (Zot:2)
  14 ironheart preservers
  2 spriggan defenders
  12 very ugly things
  10 stone giants
  4 entropy weavers
  A war gargoyle (Vaults:5)
  4 vampire knights
  2 green draconians
  2 deep elf demonologists (Elf:3)
  The ghost of Baz the Bludgeoner, a journeyman GrFi of Trog (Depths:1)
  3 black draconians
  7 dire elephants
  4 red draconians
  2 yellow draconians
  9 deep elf annihilators
  A white draconian (Zot:2)
  A spark wasp (Depths:4)
  An eidolon (Vaults:2)
  5 purple draconians
  6 deep elf death magi
  Josephine (Orc:2)
  8 ettins
  9 fire dragons
  A crystal guardian (Vaults:5)
  4 deep elf high priests
  A blizzard demon (Depths:5)
  6 yaktaur captains
  2 great orbs of eyes
  3 rakshasas
  4 ice dragons
  3 spriggan air magi
  11 vault guards
  8 hydras
  Erica (D:8)
  A catoblepas (Lair:6)
  12 ogre magi
  7 centaur warriors
  An anaconda (shapeshifter) (Vaults:5)
  15 dancing weapons
  A death knight (Vaults:2)
  4 deep troll shamans
  An alligator (Swamp:2)
  25 two-headed ogres
  5 deep troll earth magi
  5 orc high priests (Orc:2)
  4 tengu warriors
  5 spriggan berserkers
  2 soul eaters (Depths:5)
  16 deep elf knights
  2 sun demons (Depths:5)
  2 shadow wraiths (Vaults:2)
  A hell knight (Depths:2)
  6 skeletal warriors
  A quicksilver dragon simulacrum (Depths:5)
  20 deep trolls
  13 deep elf archers
  2 flayed ghosts
  2 unseen horrors
  2 glowing orange brains
  A shambling mangrove (Swamp:2)
  An infernal demonspawn (Depths:3)
  8 swamp dragons
  7 ironbrand convokers
  4 lindwurms
  4 phantasmal warriors
  Pikel (D:8)
  A harpy (shapeshifter) (Vaults:4)
  4 harpies (Vaults:2)
  5 necromancers
  13 orb spiders
  8 orc knights
  4 orc sorcerers
  An orb spider (shapeshifter) (Vaults:3)
  52 deep elf magi
  10 cyclopes
  4 manticores
  11 ugly things
  2 centaur zombies
  16 wolf spiders
  10 moths of wrath
  2 elephants (Depths:3)
  11 vault sentinels
  9 spiny frogs
  A water nymph (shapeshifter) (Depths:2)
  5 rust devils (Depths:5)
  3 black mambas
  An eye of devastation (shapeshifter) (Vaults:3)
  A molten gargoyle (Swamp:4)
  A hellion (Depths:3)
  A smoke demon (Depths:3)
  A centaur skeleton (D:14)
  An orange demon (Depths:3)
  3 torpor snails
  An ice devil (Depths:5)
  3 komodo dragons
  26 yaktaurs
  5 rime drakes (Lair:6)
  18 demonic crawlers
  3 freezing wraiths
  2 red devils (Depths:5)
  A hellwing (Depths:3)
  6 tengu conjurers
  32 jumping spiders
  4 trolls
  A merfolk (shapeshifter) (Vaults:5)
  2 jumping spiders (shapeshifter)
  7 tyrant leeches
  5 bog bodies
  A queen bee (shapeshifter) (Elf:2)
  A hornet (shapeshifter) (Vaults:5)
  19 hornets
  A blink frog (shapeshifter) (D:14)
  9 blink frogs
  12 slime creatures
  2 flying skulls (Depths:5)
  7 spriggans
  50 redbacks
  3 hippogriffs
  10 tarantellas
  5 wraiths
  4 shadows
  A redback (shapeshifter) (Vaults:1)
  23 yaks
  6 air elementals
  3 water elementals
  A vampire (D:15)
  4 fire bats (Elf:3)
  2 hogs (Spider:4)
  5 basilisks
  3 steam dragons
  2 fire elementals (D:15)
  7 vampire mosquitoes
  2 chaos spawn (Depths:3)
  2 wargs
  13 insubstantial wisps
  A two-headed ogre zombie (D:8)
  17 swamp worms
  6 water moccasins
  4 hell hounds
  2 porcupines
  18 swamp drakes
  15 orc warriors
  A sky beast (D:9)
  An eye of draining (D:14)
  4 ice beasts (D:8)
  11 ogres
  8 boggarts
  A tengu (shapeshifter) (Vaults:4)
  9 wolves
  4 ettin simulacra (Depths:5)
  11 centaurs
  A crocodile (shapeshifter) (D:14)
  4 crocodiles
  A big kobold (D:11)
  5 bullfrogs
  An earth elemental (Elf:2)
  A human skeleton (Vaults:4)
  A wyvern zombie (D:15)
  3 electric eels
  A howler monkey (D:13)
  2 crimson imps (D:10)
  2 lava snakes (Elf:3)
  4 quasits
  A hound (D:13)
  14 orc priests
  2 orc wizards
  2 iguanas (Lair:6)
  4 worker ants
  8 adders
  A river rat (Lair:1)
  2 white imps
  An ufetubus (Depths:3)
  18 orcs
  2 kobolds (D:11)
  4 briar patches (Swamp:3)
  7 bushes (Depths:2)
  2 crawling corpses (Elf:3)
  41 fungi
  23 plants
1210 creatures vanquished.

Vanquished Creatures (others)
  5 profane servitors
  6 bone dragons
  A death cob (Zot:2)
  2 draconian knights
  A draconian scorcher (Zot:4)
  2 caustic shrike zombies (Depths:5)
  10 ghouls
  A spectral tengu (Zot:1)
  A very ugly thing (Vaults:2)
  11 vampire knights
  3 very ugly thing zombies (Depths:4)
  2 quicksilver dragon zombies
  A hydra (Swamp:4)
  A spectral guardian serpent (Vaults:5)
  A hellephant zombie (Depths:3)
  A titan zombie (Vaults:5)
  A sun demon (Depths:5)
  15 skeletal warriors
  A spectral efreet (Depths:2)
  2 storm dragon zombies
  A spark wasp zombie (Depths:4)
  12 flayed ghosts
  A ghost moth zombie (Zot:5)
  A spectral cacodemon (Depths:3)
  15 phantasmal warriors
  2 wolf spider zombies
  An ugly thing (Vaults:2)
  2 ugly thing zombies (Depths:4)
  A moth of wrath (Zot:5)
  3 fire giant zombies
  4 draconian zombies
  A rust devil (Zot:5)
  A draconian skeleton (Zot:1)
  3 dire elephant zombies (Depths:3)
  A white draconian zombie (Zot:2)
  3 human zombies
  A green draconian zombie (Zot:2)
  A black draconian zombie (Zot:2)
  3 red draconian zombies
  A jumping spider (Spider:4)
  2 fire dragon zombies
  A hydra zombie (Swamp:4)
  An ettin zombie (Depths:2)
  18 flying skulls
  A fire dragon skeleton (Swamp:4)
  A wraith (D:13)
  14 vampires
  3 spriggan zombies
  A human (Spider:4)
  A tyrant leech zombie (Swamp:3)
  A vampire mosquito (Swamp:2)
  4 deep troll zombies
  2 ogre zombies
  10 two-headed ogre zombies
  A spiny frog zombie (Swamp:3)
  A hornet zombie (Depths:4)
  An orb spider zombie (Spider:4)
  2 swamp drakes (Swamp:4)
  2 slaves (D:8)
  2 swamp dragon zombies (Swamp:4)
  4 elephant zombies (Depths:3)
  3 elf zombies (Vaults:5)
  A lindwurm zombie (Swamp:4)
  A blink frog zombie (Lair:6)
  2 ogres (Orc:2)
  A boggart (Depths:1)
  15 elephant skeletons (Depths:3)
  A hog zombie (Spider:4)
  A vampire mosquito zombie (Swamp:3)
  A hippogriff zombie (Lair:2)
  15 yaktaur zombies
  A water moccasin zombie (Lair:1)
  A yak zombie (D:8)
  2 tengu zombies (Depths:2)
  A polar bear zombie (D:8)
  2 wights (Lair:1)
  2 wolf zombies
  A centaur zombie (Depths:3)
  2 basilisk zombies
  A bog body skeleton (Swamp:2)
  A mummy (Lair:5)
  7 swamp drake zombies
  An adder skeleton (Lair:1)
  A ball python (D:8)
  A kobold zombie (D:11)
  2 orc skeletons (Orc:2)
  A quokka zombie (D:8)
  3 bushes (Depths:2)
  90 fungi
  76 plants
436 creatures vanquished.

Grand Total: 3130 creatures vanquished

Notes
Turn   | Place    | Note
-------+----------+-------------------------------------------
     0 | D:1      | Lochraine the Hill Orc Monk began the quest for the Orb.
     0 | D:1      | Reached XP level 1. HP: 19/19 MP: 1/1
   234 | D:1      | Reached XP level 2. HP: 20/27 MP: 2/2
   801 | D:1      | Reached skill level 5 in Axes
   801 | D:1      | Reached XP level 3. HP: 23/33 MP: 3/3
  1310 | D:2      | Reached XP level 4. HP: 40/41 MP: 4/4
  1317 | D:2      | Noticed Robin
  1684 | D:2      | Killed Robin
  1746 | D:2      | Noticed Natasha
  1758 | D:2      | Killed Natasha
  1758 | D:2      | Reached XP level 5. HP: 38/47 MP: 5/5
  1776 | D:2      | Noticed Natasha
  1789 | D:2      | Killed Natasha
  1845 | D:2      | Noticed Natasha
  1853 | D:2      | Killed Natasha
  1853 | D:2      | Reached skill level 5 in Fighting
  1853 | D:2      | Reached skill level 1 in Armour
  2058 | D:2      | Reached skill level 2 in Armour
  2058 | D:2      | Reached XP level 6. HP: 46/56 MP: 6/6
  2775 | D:4      | Reached skill level 1 in Shields
  3060 | D:4      | Noticed Edmund
  3085 | D:4      | Killed Edmund
  3085 | D:4      | Reached XP level 7. HP: 51/62 MP: 7/7
  3163 | D:4      | Found Deitoh's Antique Armour Boutique.
  3430 | D:4      | Found a runed door.
  3734 | D:5      | Entered Level 5 of the Dungeon
  3761 | D:5      | Reached XP level 8. HP: 62/70 MP: 8/8
  4228 | D:5      | Reached skill level 5 in Shields
  5284 | D:6      | Found a glowing drain.
  5298 | Sewer    | Entered a sewer
  5505 | Sewer    | Reached skill level 10 in Axes
  5669 | Sewer    | Reached XP level 9. HP: 71/79 MP: 9/9
  6558 | D:7      | Found a staircase to the Ecumenical Temple.
  6595 | Temple   | Entered the Ecumenical Temple
  6663 | Temple   | Became a worshipper of Yredelemnul the Dark
  6663 | Temple   | Reached * piety under Yredelemnul
  6663 | Temple   | Reached ** piety under Yredelemnul
  6703 | D:7      | Found a glowing golden altar of the Shining One.
  6755 | D:7      | Found a radiant altar of Vehumet.
  6792 | D:7      | Reached skill level 1 in Invocations
  6958 | D:7      | Found a shadowy altar of Dithmenos.
  7038 | D:7      | Found an ancient bone altar of Kikubaaqudgha.
  7040 | D:7      | Found a deep blue altar of Sif Muna.
  7197 | D:8      | Noticed a polar bear
  7198 | D:8      | Noticed a polar bear
  7267 | D:8      | Noticed a polar bear
  7349 | D:7      | Killed a polar bear
  7569 | D:8      | Reached XP level 10. HP: 83/88 MP: 12/12
  7571 | D:8      | Found a snail-covered altar of Cheibriados.
  7616 | D:8      | Reached *** piety under Yredelemnul
  7638 | D:8      | Killed an unseen horror
  7665 | D:8      | Reached skill level 5 in Invocations
  7705 | D:8      | Noticed Pikel
  7719 | D:8      | Killed Pikel
  7785 | D:8      | Reached skill level 3 in Armour
  7900 | D:8      | Noticed a two-headed ogre
  7902 | D:8      | Killed a two-headed ogre
  7962 | D:8      | Noticed Erica
  7983 | D:8      | Killed Erica
  8654 | D:9      | Found a burning altar of Makhleb.
  8694 | D:9      | Found a white marble altar of Elyvilon.
  8739 | D:9      | Noticed Gastronok
  8795 | D:9      | Killed Gastronok
  8795 | D:9      | Reached skill level 4 in Armour
  8795 | D:9      | Reached XP level 11. HP: 60/97 MP: 15/17
  9096 | D:9      | Found a staircase to the Orcish Mines.
  9178 | D:9      | Got a steaming leather armour
  9262 | D:9      | Received a gift from Yredelemnul (a wight)
  9281 | D:9      | Found Yrcheir's Food Shop.
  9594 | D:9      | Found a glowing golden altar of the Shining One.
  9678 | D:10     | Entered Level 10 of the Dungeon
  9678 | D:10     | Found a hazy altar of Hepliaklqana.
  9923 | D:10     | Reached **** piety under Yredelemnul
  9964 | D:10     | Reached skill level 5 in Armour
 10142 | D:10     | Received a gift from Yredelemnul (a mummy)
 10472 | D:11     | Found a staircase to the Lair.
 10481 | Lair:1   | Entered Level 1 of the Lair of Beasts
 10602 | Lair:1   | Noticed Harold
 10625 | Lair:1   | Killed Harold
 10625 | Lair:1   | Reached skill level 10 in Fighting
 10625 | Lair:1   | Received a gift from Yredelemnul (a wight)
 11216 | Lair:1   | Identified the +3 leather armour of the Duke {+Inv rN+ Slay+6} (You took it off an orc wizard on level 9 of the Dungeon)
 11859 | Lair:1   | Reached skill level 10 in Invocations
 11860 | Lair:1   | Reached XP level 12. HP: 105/106 MP: 19/19
 11878 | Lair:1   | Received a gift from Yredelemnul (4 flying skulls)
 11936 | Lair:1   | Reached skill level 6 in Armour
 11960 | Lair:1   | Reached ***** piety under Yredelemnul
 11966 | Lair:1   | Received a gift from Yredelemnul (3 flying skulls)
 12214 | Lair:2   | Reached skill level 15 in Axes
 12234 | Lair:2   | Received a gift from Yredelemnul (a vampire)
 12622 | Lair:2   | Noticed a six-headed hydra
 12630 | Lair:2   | Killed a one-headed hydra
 12861 | Lair:2   | Found a hole to the Spider Nest.
 13410 | Lair:3   | Learned a level 1 spell: Apportation
 13413 | Lair:3   | Learned a level 2 spell: Swiftness
 13867 | Lair:4   | Found a staircase to the Swamp.
 13885 | Lair:4   | Reached skill level 7 in Armour
 13907 | Lair:4   | Noticed a four-headed hydra
 13908 | Lair:4   | Killed a four-headed hydra
 14083 | Lair:4   | Identified the +5 ring mail "Errou" {Str+6 Slay+2} (You found it on level 4 of the Lair of Beasts)
 14277 | Lair:5   | Received a gift from Yredelemnul (4 flying skulls)
 14294 | Lair:5   | Reached skill level 5 in Dodging
 14568 | Lair:5   | Noticed Urug
 14585 | Lair:5   | Killed Urug
 14806 | Lair:6   | Entered Level 6 of the Lair of Beasts
 14815 | Lair:6   | Reached XP level 13. HP: 105/116 MP: 19/21
 14824 | Lair:6   | Received a gift from Yredelemnul (5 flying skulls)
 14956 | Lair:6   | Found a staircase to the Slime Pits.
 14956 | Lair:6   | Found a viscous altar of Jiyva.
 15015 | Lair:6   | Received a gift from Yredelemnul (a phantasmal warrior)
 15146 | Lair:6   | Identified a scroll of acquirement
 15245 | Lair:6   | Received a gift from Yredelemnul (a vampire)
 15264 | Lair:6   | Reached skill level 8 in Armour
 15507 | Lair:6   | Noticed a fire dragon
 15520 | Lair:6   | Killed a fire dragon
 15629 | Lair:6   | Reached ****** piety under Yredelemnul
 15643 | Lair:6   | Learned a level 4 spell: Control Undead
 15893 | D:11     | Reached skill level 1 in Necromancy
 15963 | D:11     | Reached skill level 1 in Spellcasting
 16264 | D:11     | Reached XP level 14. HP: 114/126 MP: 23/23
 16301 | D:11     | Noticed Maurice
 16320 | D:11     | Killed Maurice
 16320 | D:11     | Received a gift from Yredelemnul (a vampire)
 16753 | D:12     | Received a gift from Yredelemnul (2 flying skulls)
 16847 | D:12     | Noticed Erolcha
 16870 | D:12     | Killed Erolcha
 16893 | D:12     | Received a gift from Yredelemnul (a vampire)
 17043 | D:12     | Received a gift from Yredelemnul (a wraith)
 17557 | D:13     | Received a gift from Yredelemnul (a vampire knight)
 17772 | D:13     | Received a gift from Yredelemnul (a ghoul)
 18027 | D:14     | Found a radiant altar of Vehumet.
 18163 | D:14     | Found a gate to the Vaults.
 18187 | D:14     | Reached skill level 9 in Armour
 18249 | D:14     | Found Naut's Weapon Boutique.
 18411 | D:15     | Entered Level 15 of the Dungeon
 18448 | D:15     | Noticed Louise
 18472 | D:15     | Killed Louise
 18472 | D:15     | Enslaved Louise
 18485 | D:15     | Noticed Azrael
 18506 | D:15     | Reached skill level 5 in Necromancy
 18777 | Orc:1    | Entered Level 1 of the Orcish Mines
 18830 | Orc:1    | Received a gift from Yredelemnul (a skeletal warrior)
 18875 | Orc:1    | Found a roughly hewn altar of Beogh.
 19097 | Orc:2    | Entered Level 2 of the Orcish Mines
 19352 | Orc:2    | Received a gift from Yredelemnul (a ghoul)
 19617 | Orc:2    | Found a roughly hewn altar of Beogh.
 19636 | Orc:2    | Found Xohaff's Book Shoppe.
 19636 | Orc:2    | Found Ziutt's General Store.
 19644 | Orc:2    | Received a gift from Yredelemnul (a vampire knight)
 19690 | Orc:2    | Bought 2 potions of agility for 112 gold pieces
 19890 | Orc:2    | Found a bloodstained altar of Trog.
 20019 | Orc:2    | Noticed Josephine
 20024 | Orc:2    | Noticed Donald
 20031 | Orc:2    | Killed Josephine
 20037 | Orc:2    | Killed Donald
 20285 | Orc:2    | Found Diqupuvi's Food Shoppe.
 20312 | Orc:2    | Found Jayg's Distillery.
 20315 | Orc:2    | Received a gift from Yredelemnul (a ghoul)
 20331 | Orc:2    | Bought a potion of haste for 140 gold pieces
 20331 | Orc:2    | Bought a potion of heal wounds for 70 gold pieces
 20331 | Orc:2    | Bought a potion of haste for 140 gold pieces
 20331 | Orc:2    | Bought a potion of haste for 140 gold pieces
 20331 | Orc:2    | Bought 2 potions of heal wounds for 140 gold pieces
 20331 | Orc:2    | Bought a potion of curing for 42 gold pieces
 20331 | Orc:2    | Bought a potion of might for 56 gold pieces
 20331 | Orc:2    | Bought a potion of curing for 42 gold pieces
 20420 | Orc:2    | Received a gift from Yredelemnul (a skeletal warrior)
 20431 | Orc:2    | Found a staircase to the Elven Halls.
 20700 | Swamp:1  | Entered Level 1 of the Swamp
 20715 | Swamp:1  | Reached XP level 15. HP: 135/135 MP: 24/24
 20902 | Swamp:1  | Noticed a thorn hunter
 20908 | Swamp:1  | Killed a thorn hunter
 20910 | Swamp:1  | Received a gift from Yredelemnul (a vampire knight)
 21202 | Swamp:1  | Reached skill level 10 in Armour
 21296 | Swamp:2  | Noticed a thorn hunter
 21302 | Swamp:2  | Killed a thorn hunter
 21473 | Swamp:2  | Received a gift from Yredelemnul (a skeletal warrior)
 21648 | Swamp:2  | Received a gift from Yredelemnul (a profane servitor)
 21806 | Swamp:2  | Received a gift from Yredelemnul (a ghoul)
 22171 | Swamp:3  | Received a gift from Yredelemnul (a phantasmal warrior)
 22585 | Swamp:3  | Noticed a thorn hunter
 22596 | Swamp:3  | Killed a thorn hunter
 22757 | Swamp:4  | Entered Level 4 of the Swamp
 22787 | Swamp:4  | Noticed Nikola
 22795 | Swamp:4  | Received a gift from Yredelemnul (a skeletal warrior)
 22864 | Swamp:4  | Killed Nikola
 22871 | Swamp:4  | Received a gift from Yredelemnul (a vampire knight)
 22896 | Swamp:4  | Received a gift from Yredelemnul (a phantasmal warrior)
 23188 | Swamp:4  | Reached skill level 11 in Armour
 23247 | Swamp:4  | Noticed a tentacled monstrosity
 23251 | Swamp:4  | Killed a tentacled monstrosity
 23325 | Swamp:4  | Received a gift from Yredelemnul (a flayed ghost)
 23499 | Swamp:4  | Received a gift from Yredelemnul (a phantasmal warrior)
 23766 | Swamp:4  | Got a decaying rune of Zot
 24092 | Spider:1 | Entered Level 1 of the Spider Nest
 24209 | Spider:1 | Reached XP level 16. HP: 138/147 MP: 27/27
 25155 | Spider:2 | Noticed Arachne
 25176 | Spider:2 | Killed Arachne
 25176 | Spider:2 | Reached skill level 15 in Invocations
 25176 | Spider:2 | Received a gift from Yredelemnul (a bone dragon)
 25814 | Spider:3 | Received a gift from Yredelemnul (a profane servitor)
 25877 | Spider:3 | Reached skill level 15 in Fighting
 26339 | Spider:3 | Received a gift from Yredelemnul (a phantasmal warrior)
 26570 | Spider:3 | Reached skill level 12 in Armour
 26571 | Spider:3 | Received a gift from Yredelemnul (a vampire knight)
 26925 | Spider:3 | Reached skill level 10 in Dodging
 27017 | Spider:4 | Entered Level 4 of the Spider Nest
 27023 | Spider:4 | Noticed Kirke
 27030 | Spider:4 | Killed Kirke
 27033 | Spider:4 | Received a gift from Yredelemnul (a phantasmal warrior)
 27142 | Spider:4 | Received a gift from Yredelemnul (a vampire)
 27157 | Spider:4 | Received a gift from Yredelemnul (a skeletal warrior)
 27304 | Spider:4 | Got a gossamer rune of Zot
 27428 | Spider:4 | Reached XP level 17. HP: 139/156 MP: 20/28
 27433 | Spider:4 | Received a gift from Yredelemnul (a skeletal warrior)
 27608 | Spider:4 | Received a gift from Yredelemnul (a skeletal warrior)
 27800 | Spider:4 | Reached skill level 5 in Stealth
 27901 | Spider:4 | Received a gift from Yredelemnul (a skeletal warrior)
 28461 | Elf:1    | Entered Level 1 of the Elven Halls
 28806 | Elf:1    | Found a white marble altar of Elyvilon.
 28807 | Elf:1    | Found a ruined gateway.
 28807 | Elf:1    | Found a glowing silver altar of Zin.
 28817 | Elf:1    | Received a gift from Yredelemnul (a ghoul)
 28826 | Elf:1    | Found a glowing golden altar of the Shining One.
 29304 | Elf:1    | Received a gift from Yredelemnul (a phantasmal warrior)
 29353 | Elf:1    | Reached skill level 13 in Armour
 29993 | Elf:2    | Received a gift from Yredelemnul (a phantasmal warrior)
 30458 | Elf:2    | Found a runed gate.
 30458 | Elf:2    | Found a runed gate.
 30458 | Elf:2    | Found a runed gate.
 30502 | Elf:2    | Received a gift from Yredelemnul (a skeletal warrior)
 30583 | Elf:2    | Received a gift from Yredelemnul (a ghoul)
 31232 | Elf:3    | Entered Level 3 of the Elven Halls
 31235 | Elf:3    | Found Ofooqen's Elven Fire.
 31245 | Elf:3    | Received a gift from Yredelemnul (a skeletal warrior)
 31251 | Elf:3    | Reached XP level 18. HP: 138/167 MP: 30/30
 31273 | Elf:3    | Noticed Aizul
 31297 | Elf:3    | Killed Aizul
 31297 | Elf:3    | Enslaved Aizul
 31843 | Elf:3    | Noticed a deep elf blademaster
 31846 | Elf:3    | Killed a deep elf blademaster
 31850 | Elf:3    | Noticed a deep elf master archer
 31850 | Elf:3    | Killed a ghostly deep elf blademaster
 31851 | Elf:3    | Killed a deep elf master archer
 31852 | Elf:3    | Received a gift from Yredelemnul (a ghoul)
 31895 | Elf:3    | Learned a level 6 spell: Death Channel
 31915 | Elf:3    | Identified the Almanac of Flamy Stones
 31939 | Elf:3    | Got an iridescent war axe
 31940 | Elf:3    | Identified the cursed +3 war axe of Bloody Death {protect, rC++} (You found it on level 3 of the Elven Halls)
 31943 | Elf:3    | Got a translucent war axe
 31944 | Elf:3    | Identified the +5 war axe "Zidovyug" {chop, rC+++ rN+ MR+ Stlth-} (You found it on level 3 of the Elven Halls)
 32180 | Elf:3    | Noticed Asterion
 32185 | Elf:3    | Killed Asterion
 32201 | Elf:3    | Found Soetip's Book Shoppe.
 32358 | Elf:3    | Received a gift from Yredelemnul (a vampire knight)
 32502 | Elf:3    | Noticed an Ice Fiend
 32504 | Elf:3    | Received a gift from Yredelemnul (a vampire)
 32646 | Elf:3    | Got a smoking robe
 32646 | Elf:3    | Got a smoking jade ring
 32655 | Elf:3    | Identified the ring of the Visionary {Str+3 Stlth+} (You took it off a deep elf death mage on level 3 of the Elven Halls)
 32823 | Elf:3    | Received a gift from Yredelemnul (a vampire)
 32886 | Elf:3    | Noticed a deep elf blademaster
 32889 | Elf:3    | Noticed a deep elf master archer
 32900 | Elf:3    | Noticed a Tzitzimitl
 32902 | Elf:3    | Killed a deep elf blademaster
 32903 | Elf:3    | Killed a deep elf master archer
 32951 | Elf:3    | Identified the cursed +0 robe "Zuxauceo" {Str+3 Int+4 Stlth-} (You took it off a deep elf death mage on level 3 of the Elven Halls)
 33069 | Elf:3    | Bought an uncursed ring of protection from fire for 450 gold pieces
 33422 | Vaults:1 | Entered Level 1 of the Vaults
 33478 | Vaults:1 | Reached skill level 5 in Spellcasting
 33583 | Vaults:1 | Received a gift from Yredelemnul (a vampire knight)
 34405 | Vaults:1 | Received a gift from Yredelemnul (a vampire knight)
 34762 | Vaults:1 | Found Veurak's Weapon Shoppe.
 34774 | Vaults:1 | Reached XP level 19. HP: 128/174 MP: 31/31
 35114 | Vaults:2 | Found a magical portal.
 35151 | Vaults:2 | Reached skill level 14 in Armour
 35152 | Vaults:2 | Received a gift from Yredelemnul (a skeletal warrior)
 35199 | Vaults:2 | Received a gift from Yredelemnul (a skeletal warrior)
 35369 | Vaults:2 | Received a gift from Yredelemnul (a flayed ghost)
 35648 | Vaults:2 | Found a staircase to the Crypt.
 35874 | Vaults:2 | Received a gift from Yredelemnul (a flayed ghost)
 35996 | Vaults:2 | Reached skill level 15 in Armour
 36484 | Vaults:3 | Received a gift from Yredelemnul (a flayed ghost)
 36845 | Vaults:3 | Received a gift from Yredelemnul (a vampire)
 37065 | Vaults:3 | Noticed a lich
 37073 | Vaults:3 | Killed a lich
 37101 | Vaults:3 | Reached XP level 20. HP: 170/187 MP: 32/32
 37151 | Vaults:3 | Got an obsidian-encrusted scale mail
 37204 | Vaults:3 | Found a portal to a secret trove of treasure.
 37390 | Vaults:3 | Found Ceghos's Jewellery Emporium.
 37661 | Vaults:4 | Received a gift from Yredelemnul (a vampire)
 37786 | Vaults:4 | Reached skill level 16 in Armour
 37792 | Vaults:4 | Identified the +5 scale mail of Woenosk {rF+ Int-3 SInv} (You found it on level 3 of the Vaults)
 38325 | Vaults:4 | Received a gift from Yredelemnul (a phantasmal warrior)
 38454 | Vaults:4 | Received a gift from Yredelemnul (a flayed ghost)
 38931 | Vaults:5 | Entered Level 5 of the Vaults
 38935 | Vaults:5 | Noticed a golden dragon
 38939 | Vaults:5 | Received a gift from Yredelemnul (a vampire)
 38959 | Vaults:5 | Received a gift from Yredelemnul (a flayed ghost)
 38989 | Vaults:5 | Reached skill level 17 in Armour
 39190 | Vaults:5 | Received a gift from Yredelemnul (a vampire)
 39222 | Vaults:5 | Killed a golden dragon
 39392 | Vaults:5 | Reached XP level 21. HP: 128/195 MP: 34/34
 39508 | Vaults:5 | Your ally Aizul died
 39864 | Vaults:5 | Got a heavily runed glass ring
 39866 | Vaults:5 | Identified the ring of Trepidation {rF+ rC- Str+5} (You took it off an ironheart preserver on level 5 of the Vaults)
 39929 | Vaults:5 | Identified the Compendium of the Stag
 39944 | Vaults:5 | Noticed a golden dragon
 39975 | Vaults:5 | Killed a golden dragon
 39987 | Vaults:5 | Reached skill level 18 in Armour
 39997 | Vaults:5 | Received a gift from Yredelemnul (a phantasmal warrior)
 40044 | Vaults:5 | Got a bloodstained cloak
 40142 | Vaults:5 | Received a gift from Yredelemnul (a flayed ghost)
 40419 | Vaults:5 | Received a gift from Yredelemnul (a ghoul)
 40455 | Vaults:5 | Identified the +2 cloak of Qazlal {rElec Dex+4} (You found it on level 5 of the Vaults)
 40820 | Vaults:5 | Got a silver rune of Zot
 41003 | Vaults:3 | Received a gift from Yredelemnul (a vampire knight)
 41405 | D:15     | Received a gift from Yredelemnul (a flayed ghost)
 41525 | D:15     | Found a staircase to the Depths.
 41605 | D:15     | Killed Azrael
 41605 | D:15     | Enslaved Azrael
 42017 | Depths:1 | Entered Level 1 of the Depths
 42083 | Depths:1 | Received a gift from Yredelemnul (a vampire knight)
 42165 | Depths:1 | Reached skill level 19 in Armour
 42175 | Depths:1 | Reached XP level 22. HP: 179/206 MP: 30/36
 42193 | Depths:1 | Found a gateway to Hell.
 42380 | Depths:1 | Noticed Baz's ghost (journeyman GrFi)
 42389 | Depths:1 | Killed Baz's ghost
 42390 | Depths:1 | Received a gift from Yredelemnul (a vampire)
 42516 | Depths:1 | Found Sirousk's Antique Armour Emporium.
 42525 | Depths:1 | Bought a pair of glowing gloves for 180 gold pieces
 42574 | Depths:1 | Found an iron altar of Okawaru.
 42690 | Depths:1 | Received a gift from Yredelemnul (a skeletal warrior)
 42710 | Depths:1 | Found a transporter.
 42855 | Depths:1 | Found a transporter.
 42938 | Depths:2 | Received a gift from Yredelemnul (a vampire)
 43073 | Depths:2 | Your ally Azrael died
 43295 | Depths:2 | Received a gift from Yredelemnul (a vampire knight)
 43369 | Depths:2 | Reached skill level 20 in Armour
 43451 | Depths:2 | Received a gift from Yredelemnul (a ghoul)
 43540 | Depths:2 | Found a one-way gate leading to the halls of Pandemonium.
 43716 | Depths:2 | Received a gift from Yredelemnul (a bone dragon)
 43779 | Depths:2 | Found a gateway to a ziggurat.
 43861 | Depths:2 | Received a gift from Yredelemnul (a phantasmal warrior)
 44084 | Depths:2 | Found a runed door.
 44397 | Depths:3 | Received a gift from Yredelemnul (a skeletal warrior)
 44694 | Depths:3 | Reached XP level 23. HP: 177/217 MP: 37/37
 44719 | Depths:3 | Received a gift from Yredelemnul (a profane servitor)
 44800 | Depths:3 | Noticed Bai Suzhen
 44813 | Depths:3 | Killed Bai Suzhen
 44813 | Depths:3 | Enslaved Bai Suzhen
 45065 | Depths:3 | Found a one-way gate to the infinite horrors of the Abyss.
 45088 | Depths:3 | Noticed Sojobo
 45102 | Depths:3 | Killed Sojobo
 45102 | Depths:3 | Enslaved Sojobo
 45108 | Depths:3 | Noticed Jory
 45127 | Depths:3 | Killed Jory
 45380 | Depths:3 | Reached skill level 21 in Armour
 46034 | Depths:4 | Received a gift from Yredelemnul (a profane servitor)
 46183 | Depths:4 | Received a gift from Yredelemnul (a skeletal warrior)
 46385 | Depths:4 | Received a gift from Yredelemnul (a bone dragon)
 46398 | Depths:4 | Received a gift from Yredelemnul (a vampire)
 46534 | Depths:3 | Received a gift from Yredelemnul (a bone dragon)
 46861 | Depths:4 | Identified Sif Muna's Handbook of Excruciating Orientation
 46961 | Depths:4 | Noticed a golden dragon
 46975 | Depths:4 | Killed a golden dragon
 46975 | Depths:4 | Reached skill level 22 in Armour
 47319 | Depths:5 | Entered Level 5 of the Depths
 47376 | Depths:5 | Reached XP level 24. HP: 206/228 MP: 38/38
 47481 | Depths:5 | Received a gift from Yredelemnul (a flayed ghost)
 47702 | Depths:5 | Received a gift from Yredelemnul (a ghoul)
 47838 | Depths:5 | Found an opulent altar of Gozag.
 47844 | Depths:5 | Noticed a juggernaut
 47862 | Depths:5 | Killed a juggernaut
 48108 | Depths:5 | Noticed a caustic shrike
 48108 | Depths:5 | Noticed a caustic shrike
 48109 | Depths:5 | Noticed a caustic shrike
 48109 | Depths:5 | Noticed a caustic shrike
 48109 | Depths:5 | Noticed a caustic shrike
 48115 | Depths:5 | Killed a caustic shrike
 48117 | Depths:5 | Killed a caustic shrike
 48118 | Depths:5 | Killed a caustic shrike
 48118 | Depths:5 | Killed a caustic shrike
 48118 | Depths:5 | Killed a caustic shrike
 48134 | Depths:5 | Found a burning altar of Makhleb.
 48143 | Depths:5 | Noticed a caustic shrike
 48147 | Depths:5 | Noticed a caustic shrike
 48147 | Depths:5 | Noticed a caustic shrike
 48148 | Depths:5 | Noticed a caustic shrike
 48148 | Depths:5 | Killed a caustic shrike
 48155 | Depths:5 | Killed a caustic shrike
 48157 | Depths:5 | Killed a caustic shrike
 48159 | Depths:5 | Killed a caustic shrike
 48220 | Depths:5 | Found a glowing golden altar of the Shining One.
 48294 | Depths:5 | Reached skill level 23 in Armour
 48393 | Depths:5 | Found a gate to the Realm of Zot.
 48499 | Depths:5 | Found a sparkling altar of Nemelex Xobeh.
 48611 | Zot:1    | Entered Level 1 of the Realm of Zot
 49381 | Zot:1    | Noticed a Killer Klown
 49393 | Zot:1    | Reached skill level 1 in Evocations
 49406 | Zot:1    | Killed a Killer Klown
 49423 | Zot:1    | Noticed a curse toe
 49423 | Zot:1    | Noticed a curse toe
 49440 | Zot:1    | Received a gift from Yredelemnul (a profane servitor)
 49445 | Zot:1    | Your ally Sojobo died
 49450 | Zot:1    | Killed a curse toe
 49460 | Zot:1    | Killed a curse toe
 49491 | Zot:1    | Reached XP level 25. HP: 84/238 MP: 33/38
 50342 | Zot:1    | Noticed an orb of fire
 50355 | Zot:1    | Gained mutation: You have sharp toenails. [an orb of fire]
 50362 | Zot:1    | Reached skill level 5 in Evocations
 50364 | Zot:1    | Gained mutation: Scrolls take you a little longer to read. [an orb of fire]
 50369 | Zot:1    | Gained mutation: Your natural rate of healing is unusually fast. [an orb of fire]
 50372 | Zot:1    | Killed an orb of fire
 50785 | Zot:2    | Received a gift from Yredelemnul (a flayed ghost)
 50837 | Zot:2    | Reached skill level 24 in Armour
 51011 | Zot:2    | Received a gift from Yredelemnul (a phantasmal warrior)
 51205 | Zot:2    | HP: 7/240 [black draconian/bolt of lightning (26)]
 51912 | Zot:3    | Lost mutation: You have sharp toenails. [potion of mutation]
 51912 | Zot:3    | Lost mutation: Scrolls take you a little longer to read. [potion of mutation]
 51912 | Zot:3    | Gained mutation: You have a pair of small antennae on your head. [potion of mutation]
 51912 | Zot:3    | Gained mutation: You are partially covered in large bone plates. (SH +4) [potion of mutation]
 51912 | Zot:3    | Gained mutation: You are partially covered in icy blue scales. (AC +2) [potion of mutation]
 52038 | Zot:3    | Received a gift from Yredelemnul (a phantasmal warrior)
 52885 | Zot:3    | Reached XP level 26. HP: 221/249 MP: 37/38
 52903 | Zot:3    | Received a gift from Yredelemnul (a bone dragon)
 53514 | Zot:5    | Entered Level 5 of the Realm of Zot
 53584 | Zot:4    | Was placed under penance by Yredelemnul
 53663 | Zot:4    | Found a transporter.
 54086 | Zot:4    | Found a transporter.
 54127 | Zot:4    | Reached skill level 10 in Evocations
 54676 | Zot:4    | Was forgiven by Yredelemnul
 54707 | Zot:4    | Received a gift from Yredelemnul (a flayed ghost)
 54916 | Zot:4    | Reached skill level 25 in Armour
 55094 | Zot:5    | Received a gift from Yredelemnul (a bone dragon)
 55852 | Zot:5    | Noticed an ancient lich
 55874 | Zot:5    | Killed an ancient lich
 55876 | Zot:5    | Lost mutation: You have a pair of small antennae on your head. [potion of mutation]
 55876 | Zot:5    | Lost mutation: Your natural rate of healing is unusually fast. [potion of mutation]
 55876 | Zot:5    | Lost mutation: You are partially covered in icy blue scales. (AC +2) [potion of mutation]
 55876 | Zot:5    | Lost mutation: You are partially covered in large bone plates. (SH +4) [potion of mutation]
 55876 | Zot:5    | Gained mutation: You are partially covered in slimy green scales. (AC +2) [potion of mutation]
 55876 | Zot:5    | Gained mutation: Your magical capacity is low. (-10% MP) [potion of mutation]
 55876 | Zot:5    | Gained mutation: You are partially covered in icy blue scales. (AC +2) [potion of mutation]
 55877 | Zot:5    | Lost mutation: Your magical capacity is low. (-10% MP) [potion of mutation]
 55877 | Zot:5    | Lost mutation: You are partially covered in icy blue scales. (AC +2) [potion of mutation]
 55877 | Zot:5    | Lost mutation: You are partially covered in slimy green scales. (AC +2) [potion of mutation]
 55877 | Zot:5    | Gained mutation: You have a pair of small horns on your head. [potion of mutation]
 55877 | Zot:5    | Gained mutation: You are somewhat resistant to further mutation. [potion of mutation]
 55907 | Zot:5    | Noticed an ancient lich
 55923 | Zot:5    | Killed an ancient lich
 56230 | Zot:5    | Reached XP level 27. HP: 258/258 MP: 39/39
 56485 | Zot:5    | Received a gift from Yredelemnul (a phantasmal warrior)
 56503 | Zot:5    | Noticed an ancient lich
 56510 | Zot:5    | Killed an ancient lich
 56732 | Zot:5    | Noticed an ancient lich
 56739 | Zot:5    | Killed an ancient lich
 57259 | Zot:5    | Noticed an orb of fire
 57262 | Zot:5    | Gained mutation: You are somewhat resistant to both further mutation and mutation removal. [an orb of fire]
 57266 | Zot:5    | Noticed an orb of fire
 57267 | Zot:5    | Noticed an orb of fire
 57274 | Zot:5    | Gained mutation: You are frail. (-10% HP) [an orb of fire]
 57279 | Zot:5    | Killed an orb of fire
 57284 | Zot:5    | Gained mutation: You do not regenerate when monsters are visible. [an orb of fire]
 57291 | Zot:5    | Killed an orb of fire
 57297 | Zot:5    | Killed an orb of fire
 58414 | Zot:5    | Received a gift from Yredelemnul (a flayed ghost)
 59101 | Zot:5    | Reached skill level 26 in Armour
 59436 | Zot:4    | Received a gift from Yredelemnul (a ghoul)
 60296 | Zot:5    | Received a gift from Yredelemnul (a phantasmal warrior)
 60333 | Zot:5    | Got the Orb of Zot
 60348 | Zot:5    | Noticed Acarint the pandemonium lord
 60801 | Zot:1    | Noticed Xakuutix the pandemonium lord
 60860 | Depths:5 | Lost mutation: You are frail. (-10% HP) [potion of mutation]
 60860 | Depths:5 | Gained mutation: You are resistant to hostile enchantments. (MR+) [potion of mutation]
 60861 | Depths:5 | Lost mutation: You have a pair of small horns on your head. [potion of mutation]
 60861 | Depths:5 | Lost mutation: You are resistant to hostile enchantments. (MR+) [potion of mutation]
 60861 | Depths:5 | Lost mutation: You are somewhat resistant to both further mutation and mutation removal. [potion of mutation]
 60861 | Depths:5 | Lost mutation: You are somewhat resistant to further mutation. [potion of mutation]
 60861 | Depths:5 | Lost mutation: You do not regenerate when monsters are visible. [potion of mutation]
 60861 | Depths:5 | Gained mutation: You are somewhat resistant to further mutation. [potion of mutation]
 60861 | Depths:5 | Gained mutation: You are robust. (+10% HP) [potion of mutation]
 61042 | Depths:4 | Noticed an ancient lich
 61451 | D:4      | Noticed Erarphuto the pandemonium lord
 61554 | D:$      | Escaped with the Orb!

Skill      XL: |  1  2  3  4  5  6  7  8  9 10 11 12 13 14 15 16 17 18 19 20 21 22 23 24 25 26 27 |
---------------+----------------------------------------------------------------------------------+-----
Fighting       | 4 5 6 7 8 9 10 11 12 13 14 15 16 17 18 19 20 21 22 23 24 | 24.1
Axes           | 5 6 7 8 10 11 13 14 15 16 17 19 20 | 20.8
Armour         | 2 4 5 7 8 9 11 12 13 15 17 19 20 22 23 24 25 26 | 26.4
Shields        | 2 4 6 8 9 |  9.0
Invocations    | 3 8 10 11 12 13 14 15 16 17 18 20 21 22 23 24 25 | 25.1
Dodging        | 3 5 6 7 9 10 11 | 11.0
Necromancy     | 2 5 7 |  7.3
Spellcasting   | 1 4 5 |  5.3
Stealth        | 4 5 6 |  6.6
Evocations     | 3 8 11 14 | 14.4

Action                   |  1- 3 |  4- 6 |  7- 9 | 10-12 | 13-15 | 16-18 | 19-21 | 22-24 | 25-27 || total
-------------------------+-------+-------+-------+-------+-------+-------+-------+-------+-------++-------
Melee: Hand axe          |   116 |    26 |   565 |       |       |       |       |       |       ||   707
       Dagger            |       |   200 |    99 |       |       |       |       |       |       ||   299
       War axe           |       |       |   151 |   278 |   852 |   591 |    16 |    37 |    14 ||  1939
       Whip              |       |       |       |   416 |       |       |       |       |       ||   416
       Battleaxe         |       |       |       |       |       |   253 |   815 |  1076 |  1384 ||  3528
       Headbutt          |       |       |       |       |       |       |       |       |   134 ||   134
Throw: Stone             |       |     4 |       |       |       |       |       |       |       ||     4
 Cast: Control Undead    |       |       |       |       |       |     2 |       |       |       ||     2
Invok: Animate Remains   |       |       |     2 |       |       |       |       |       |       ||     2
       Animate Dead      |       |       |       |    12 |    17 |     8 |    12 |    17 |     9 ||    75
       Injury Mirror     |       |       |       |     2 |     1 |       |       |     3 |     4 ||    10
       Drain Life        |       |       |       |     1 |     4 |       |    16 |    26 |    16 ||    63
       Recall Undead Sla |       |       |       |     5 |    24 |    15 |    13 |    13 |     5 ||    75
       Enslave Soul      |       |       |       |       |     2 |     1 |     1 |     3 |       ||     7
Evoke: Wand              |       |       |     7 |     3 |    11 |     4 |       |     8 |    14 ||    47
  Use: Scroll            |       |       |    12 |    14 |    15 |     7 |     9 |     9 |    18 ||    84
       Potion            |       |       |       |     2 |     1 |     1 |       |     1 |    30 ||    35
 Stab: Sleeping          |     1 |       |       |       |       |    19 |     2 |     3 |       ||    25
       Distracted        |     1 |       |       |     4 |    16 |    19 |    20 |    41 |    19 ||   120
       Paralysed         |       |       |     2 |     9 |     6 |       |       |     1 |       ||    18
       Confused          |       |       |       |       |       |       |     1 |       |       ||     1
  Eat: Chunk             |     1 |     6 |    20 |    24 |    33 |    37 |    21 |    18 |     6 ||   166
       Royal jelly       |       |       |     3 |       |     2 |     1 |     6 |     6 |     3 ||    21
       Meat ration       |       |       |     1 |       |       |       |       |       |       ||     1
       Bread ration      |       |       |       |       |       |       |       |     1 |     2 ||     3
       Fruit             |       |       |       |       |       |       |       |     8 |    31 ||    39
Armor: Robe              |    14 |       |       |       |       |       |       |       |       ||    14
       Ring mail         |    12 |    44 |       |    10 |   169 |       |       |       |       ||   235
       Scale mail        |       |    74 |       |       |       |       |   225 |   319 |       ||   618
       Chain mail        |       |       |   370 |    46 |       |       |       |       |       ||   416
       Plate armour      |       |       |       |   120 |       |    12 |   218 |       |       ||   350
       Leather armour    |       |       |       |    25 |       |    43 |       |       |       ||    68
       Swamp dragon scal |       |       |       |       |    26 |   209 |       |       |       ||   235
       Fire dragon scale |       |       |       |       |       |       |       |   138 |       ||   138
       Gold dragon scale |       |       |       |       |       |       |       |   300 |  1179 ||  1479
Dodge: Dodged            |    66 |   133 |   145 |   159 |   367 |   531 |   533 |   770 |   633 ||  3337
Block: Shield            |       |       |   317 |   283 |   393 |   311 |       |       |       ||  1304
       Other             |       |       |       |       |       |       |       |       |    58 ||    58
